 Dungeon Crawl Stone Soup version 0.25-a0-156-g0c4bda3fdf (webtiles) character file.

Game seed: 4673471904104664486, levelgen mode: deterministic

471 Leeroy the Slasher (level 6, -1/52 HPs)
             Began as a Draconian Skald on Nov 20, 2019.
             Shot with an arrow by a centaur (8 damage)
             ... on level 5 of the Dungeon.
             The game lasted 00:12:13 (3718 turns).

Leeroy the Slasher (Draconian Skald)                Turns: 3718, Time: 00:12:14

Health: -1/52      AC:  7    Str: 13    XL:     6   Next: 83%
Magic:  7/18       EV: 12    Int: 14    God:
Gold:   170        SH:  0    Dex: 12    Spells: 2/9 levels left

rFire    . . .     SeeInvis .   a - +0 falchion
rCold    . . .     Gourm    .   (no shield)
rNeg     . . .     Faith    .   (armour unavailable)
rPois    .         Spirit   .   (helmet restricted)
rElec    .         Reflect  .   r - +0 cloak
rCorr    .         Harm     .   (no gloves)
MR       .....                  (no boots)
Stlth    +.........             t - amulet of regeneration
HPRegen  0.57/turn              b - ring of magical power
MPRegen  0.16/turn              (no ring)

@: very slightly contaminated
A: unfitting armour, cold-blooded, AC +6
a: no special abilities


You were on level 5 of the Dungeon.
You were very hungry.

You visited 1 branch of the dungeon, and saw 5 of its levels.

You collected 170 gold pieces.

Inventory:

Hand Weapons
 a - a +0 falchion (weapon)
 o - a +0 dagger
 v - a +0 morningstar
Missiles
 n - 8 stones (quivered)
 x - 21 poisoned darts
Armour
 r - a +0 cloak (worn)
Jewellery
 b - a ring of magical power (left hand)
 k - an uncursed ring of resist corrosion {unknown}
 t - an amulet of regeneration (around neck)
Scrolls
 d - 2 scrolls of remove curse
 e - a scroll of magic mapping {unknown}
 f - a scroll of amnesia {unknown}
 g - a scroll of noise {unknown}
 i - 2 scrolls of enchant armour {unknown}
 j - 2 scrolls of teleportation {unknown}
 l - a scroll of immolation {unknown}
 m - a scroll of blinking {unknown}
 w - 2 scrolls of fear {unknown}
Potions
 h - 2 potions of curing
 p - a potion of flight {unknown}
 q - a potion of magic {unknown}
 s - a potion of haste {unknown}
Comestibles
 c - 9 rations


   Skills:
 + Level 3.9 Fighting
 - Level 5.2 Long Blades
 - Level 2.1 Dodging
 - Level 2.0 Spellcasting
 - Level 3.3 Hexes
 - Level 3.1 Charms


You had 2 spell levels left.
You knew the following spells:

 Your Spells              Type           Power        Failure   Level  Hunger
a - Infusion              Chrm           ##..         7%          1    ##.....
b - Spectral Weapon       Hex/Chrm       ##......     19%         3    ####...
c - Regeneration          Chrm/Necr      #.........   36%         3    ####...

Your spell library contained the following spells:

 Spells                   Type           Power        Failure   Level  Hunger
 Confusing Touch          Hex            ##....       6%          1    ##.....
 Song of Slaying          Chrm           ##......     10%         2    ###....
 Shroud of Golubria       Chrm/Tloc      #.....       19%         2    ###....
 Confuse                  Hex            ##......     19%         3    ####...
 Gell's Gravitas          Tloc           #.........   56%         3    ####...
 Petrify                  Tmut/Erth      #.......     93%         4    #####..
 Metabolic Englaciation   Hex/Ice        #.........   98%         5    ######.
 Yara's Violent Unravell  Hex/Tmut       #.........   98%         5    ######.


Dungeon Overview and Level Annotations

Branches:
Dungeon (5/15)
 Temple: D:4-7

Altars:

Annotations:
D:4 Pikel


Innate Abilities, Weirdness & Mutations

Your plain brown scales are hard. (AC +6)
You cannot fit into any form of body armour.
You are cold-blooded and may be slowed by cold attacks.


Message History

The centaur shoots an arrow.
The arrow hits your spectral weapon.
Your spectral weapon shares its damage with you!
Your spectral weapon fades away.
The slave misses you.
You riposte.
You hit the slave.
The slave is moderately wounded.
The centaur shoots an arrow.
The arrow misses you.
The arrow barely misses the slave.
The arrow closely misses the hound.
Unknown command.
Unknown command.
You barely miss the slave.
The slave is moderately wounded.
The centaur shoots an arrow.
The arrow hits you!
* * * LOW HITPOINT WARNING * * *
The slave hits you!
* * * LOW HITPOINT WARNING * * *
Casting: Spectral Weapon (safe; 19% risk of failure)
Confirm with . or Enter, or press ? or * to list all spells.
You miscast Spectral Weapon.
You feel off-balance for a moment.
The centaur shoots an arrow.
The arrow hits you!
You die...

### #########.#
...c.((@ph#
#########.#
...#.#
###.#.#######
#.......h...#
#...#.#####.#
###<...####.#
........#.......#
#######.##.###..#


You could see a slave, a centaur and a hound.

Vanquished Creatures
  A slave (D:5)
  A bullfrog (D:4)
  Blork the orc (D:4)
  A howler monkey (D:4)
  An orc priest (D:2)
  2 orc wizards
  A worker ant (D:4)
  5 gnolls
  5 adders
  An ooze (D:3)
  A worm (D:2)
  6 dart slugs
  A leopard gecko (D:1)
  7 orcs
  A ball python (D:3)
  7 bats
  5 giant cockroaches
  11 goblins
  12 hobgoblins
  3 quokkas
  6 frilled lizards
  7 kobolds
  A leopard gecko skeleton (D:4)
  5 rats
92 creatures vanquished.

Vanquished Creatures (others)
  2 spectral weapons (D:5)
2 creatures vanquished.

Grand Total: 94 creatures vanquished

Notes
Turn   | Place    | Note
-------+----------+-------------------------------------------
     0 | D:1      | Leeroy the Draconian Skald began the quest for the Orb.
     0 | D:1      | Reached XP level 1. HP: 17/17 MP: 3/3
   319 | D:1      | Reached XP level 2. HP: 17/24 MP: 5/5
   403 | D:1      | Reached skill level 3 in Long Blades
   620 | D:1      | Reached XP level 3. HP: 28/29 MP: 6/6
  1044 | D:1      | Reached skill level 4 in Long Blades
  1469 | D:2      | Reached XP level 4. HP: 33/36 MP: 7/7
  1481 | D:2      | Learned a level 3 spell: Spectral Weapon
  2104 | D:2      | Reached skill level 5 in Long Blades
  2618 | D:2      | Learned a level 3 spell: Regeneration
  2623 | D:2      | Reached XP level 5. HP: 41/41 MP: 8/8
  2634 | D:2      | HP: 1/41 [orc priest/divine providence (16)]
  2661 | D:2      | Reached skill level 1 in Hexes
  2963 | D:3      | Reached XP level 6. HP: 43/48 MP: 9/9
  3259 | D:4      | Noticed Blork the orc
  3280 | D:4      | Killed Blork the orc
  3610 | D:4      | Noticed Pikel
  3610 | D:4      | Noticed a slave
  3610 | D:4      | Noticed a slave
  3610 | D:4      | Noticed a slave
  3610 | D:4      | Noticed a slave
  3668 | D:5      | Entered Level 5 of the Dungeon
  3688 | D:5      | Killed a slave
  3718 | D:5      | Shot with an arrow by a centaur

Levels and vault maps discovered:
D:1:      arrival_zaba_pyramid, layout_basic
D:2:      layout_basic
D:3:      layout_rooms, first_ration
D:4:      layout_loops_ring, serial_shops, kennysheep_little_box, uniq_duvessa,
          uniq_crazy_yiuf_cottage, uniq_pikel, uniq_blork_the_orc
D:5:      layout_basic

Skill      XL: |  1  2  3  4  5  6 |
---------------+-------------------+-----
Long Blades    | 3 4 5 |  5.2
Charms         | 3 |  3.1
Hexes          | 2 3 |  3.3
Fighting       | 3 |  3.9
Dodging        | |  2.1
Spellcasting   | |  2.0

Action                   |  1- 3 |  4- 6 || total
-------------------------+-------+-------++-------
Melee: Falchion          |   125 |   282 ||   407
       Tailslap          |    18 |    31 ||    49
Throw: Stone             |       |     3 ||     3
 Cast: Spectral Weapon   |       |     5 ||     5
       Infusion          |       |     2 ||     2
       Regeneration      |       |     1 ||     1
  Use: Scroll            |       |     4 ||     4
       Potion            |       |     4 ||     4
 Stab: Sleeping          |     4 |       ||     4
  Eat: Chunk             |     1 |     9 ||    10
Armor: Skin              |    43 |    74 ||   117
Dodge: Dodged            |    70 |   218 ||   288
       Rpst.: Falchion   |    17 |    65 ||    82

Table legend:
 A = Non-vault XP
 B = Vault XP
 C = Vault XP percentage of total XP
 D = Non-vault monster count
 E = Vault monster count
 F = Vault count percentage of total count
                 A         B        C        D         E       F
            +---------+---------+-------+---------+---------+-------
      Total |     587 |      87 |  12.9 |      90 |       1 |   1.1
            +---------+---------+-------+---------+---------+-------
        D:1 |      78 |       0 |   0.0 |      33 |       0 |   0.0
        D:2 |     178 |       0 |   0.0 |      29 |       0 |   0.0
        D:3 |     153 |       0 |   0.0 |      24 |       0 |   0.0
        D:4 |     178 |      87 |  32.8 |       4 |       1 |  20.0
            +---------+---------+-------+---------+---------+-------
